 Dungeon Crawl Stone Soup version 0.31-a0-995-g04711c9635 (webtiles) character file.

Game seed: 3786729665474017241

2 BritishOli the Trooper (level 1, -3/18 HPs)
             Began as a Demonspawn Fighter on Nov 6, 2023.
             Succumbed to a kobold's poison
             ... on level 1 of the Dungeon.
             The game lasted 00:00:05 (174 turns).

BritishOli the Trooper (Demonspawn Fighter)          Turns: 174, Time: 00:00:06

Health: -3/18      AC:  6    Str: 16    XL:     1   Next: 33%
Magic:  1/1        EV:  8    Int:  9    God:
Gold:   20         SH:  4    Dex: 12    Spells: 0/0 levels left

rFire   . . .        a - +0 war axe
rCold   . . .        c - +0 buckler
rNeg    . . .        b - +0 scale mail
rPois   .            (no helmet)
rElec   .            (no cloak)
rCorr   .            (no gloves)
SInv    .            (no boots)
Will    .....        (no amulet) Stlth
                     (no ring)
HPRegen 0.23/turn    (no ring)
MPRegen 0.07/turn

%: no passive effects
@: lethally poisoned (-3 -> -26)
A: no striking features
a: no special abilities


You were on level 1 of the Dungeon.
You visited 1 branch of the dungeon, and saw 1 of its levels.

You collected 20 gold pieces.

Inventory:

Hand Weapons
 a - a +0 war axe (weapon)
Armour
 b - a +0 scale mail (worn)
 c - a +0 buckler (worn)
Potions
 d - a potion of might
 e - a potion of enlightenment {unknown}


   Skills:
 + Level 3.0 Fighting
 + Level 1.8 Axes
 + Level 2.7 Armour
 + Level 2.7 Shields


You couldn't memorise any spells.
You didn't know any spells.
Your spell library was empty.

Dungeon Overview and Level Annotations

Branches:
Dungeon (1/15)

Altars:


Message History

A hobgoblin comes into view.
The hobgoblin shouts!
A hobgoblin is nearby!
You slash the hobgoblin!
You kill the hobgoblin!
You see here a hobgoblin corpse.
Key pressed, stopping explore.
No target in view!
Key pressed, stopping explore.
No target in view!
A kobold comes into view. It is wielding a +1 dagger of venom.
The kobold shouts!
A kobold is nearby!
You miss the kobold. The kobold hits you but does no damage.
You are poisoned.
A kobold is nearby!
You barely miss the kobold.
You feel very sick. The kobold barely misses you.
The kobold hits you but does no damage.
You are lethally poisoned!
There is a lethal amount of poison in your body!
You barely miss the kobold.
You feel very sick. The kobold hits you but does no damage.
You are more poisoned.
There is a lethal amount of poison in your body!
You are too injured to fight recklessly!
There is a lethal amount of poison in your body!
There is a lethal amount of poison in your body!
You are too injured to fight recklessly!
There is a lethal amount of poison in your body!
You are too injured to fight recklessly!
You closely miss the kobold.
* * * LOW HITPOINT WARNING * * *
You feel very sick. You block the kobold's attack.
The kobold hits you but does no damage.
You are more poisoned.
You slash the kobold!
You kill the kobold!
You die...

##.#.######..##.#
................#
##.#.........#..#
.............#..#
##...####.#.##..# #....#
#.#.##..#
#.#.####.#.##..# ###
##.#.##.........###.....
......†.........@)......
##...............##.####
..##...............
#...#######.###.... ###.
### #..#.. ## #..#...
#..#.... #..# ....


There were no monsters in sight!

Vanquished Creatures
  A hobgoblin (D:1)
  2 kobolds (D:1)
  A rat (D:1)
4 creatures vanquished.

Notes
Turn   | Place    | Note
-------+----------+-------------------------------------------
     0 | D:1      | BritishOli the Demonspawn Fighter began the quest for the
                  | Orb.
     0 | D:1      | Reached XP level 1. HP: 18/18 MP: 1/1
   174 | D:1      | Succumbed to a kobold's poison

Illustrated notes

Levels and vault maps discovered:
D:1:      saegor_arrival_simple_e, layout_basic, serial_park_tiny_1

Action                     || total
---------------------------++-------
  Melee: War axe           ||     8
 Armour: Scale mail        ||     6
  Dodge: Dodged            ||     1
  Block: Buckler           ||     2

Table legend: (Time is in decaauts)
 A = Elapsed time spent in this place.
 B = Non-inter-level travel time spent in this place.
 C = Inter-level travel time spent in this place.
 D = Time resting spent in this place.
 E = Time spent auto-exploring this place.
 F = Levels seen in this place.
 G = Mean time per level.
                   A        B        C        D        E       F      G
               +--------+--------+--------+--------+--------+-----+--------+
         Total |    177 |    177 |      0 |      0 |    152 |   1 |  177.0 |
       Dungeon |    177 |    177 |      0 |      0 |    152 |   1 |  177.0 |
               +--------+--------+--------+--------+--------+-----+--------+

Top non-repeatable levels by time:
     D:1: 177 daAuts
